 Yiufcrawl Soup (a DCSS fork) version 1.5.2b1-yiuf-19-g91104ff (webtiles) character file.

4043 Fisto the Chopper (level 10, -18/88 HPs)
             Began as a Dorf Artificer on Nov 13, 2017.
             Was a Priest of Nemelex Xobeh.
             Demolished by a two-headed ogre
             ... wielding a +0 giant club
              (22 damage)
             ... on level 9 of the Dungeon.
             The game lasted 01:05:30 (8618 turns).

Fisto the Chopper (Dorf Artificer)                  Turns: 8618, Time: 01:05:31

Health: -18/88     AC:  8    Str: 19    XL:     10   Next: 4%
Magic:  14/14      EV: 12    Int: 10    God:    Nemelex Xobeh [***...]
Gold:   244        SH: 11    Dex: 15    Spells: 9/9 levels left

rFire    . . .     SeeInvis .   o - +0 war axe (flame)
rCold    . . .     Gourm    .   A - +0 shield
rNeg     + . .     Faith    .   D - +2 leather armour {rPois}
rPois    +         Spirit   .   (no helmet)
rElec    .         Reflect  .   b - +0 cloak
rCorr    .         Harm     .   x - +0 pair of gloves
MR       +....                  (no boots)
Stlth    ++........             (no amulet)
Regen    0.3/turn               (no ring)
MPRegen  0.2/turn               (no ring)

@: no status effects
A: negative energy resistance 1
a: Triple Draw, Renounce Religion


You were on level 9 of the Dungeon.
You worshipped Nemelex Xobeh.
Nemelex Xobeh was most pleased with you.
You were not hungry.

You visited 1 branch of the dungeon, and saw 10 of its levels.
You also visited: Ossuary.

You collected 532 gold pieces.
You spent 288 gold pieces at shops.

Inventory:

Hand Weapons
 a - a +4 quarterstaff of chaos
 i - a +1 hunting sling
 o - a +0 war axe of flaming (weapon)
 E - a +1 whip of freezing
Missiles
 k - 44 sling bullets
Armour
 b - a +0 cloak (worn)
 f - a +3 leather armour of fire resistance
 x - a +0 pair of gloves (worn)
 A - a +0 shield (worn)
 D - a +2 leather armour of poison resistance (worn)
 K - the +5 ring mail "Kann" {rElec Str+7}
   (You found it on level 6 of the Dungeon)

   It affects your strength (+7).
   It insulates you from electricity.
Jewellery
 I - a cursed ring of loudness {unknown}
Wands
 c - a wand of flame (20/48)
 d - a wand of enslavement (7/24)
 e - a wand of random effects (0/48)
 w - a wand of flame (11/48)
 G - a wand of scattershot (0/9)
 P - a wand of lightning (9/15)
Scrolls
 h - 2 scrolls of magic mapping
 j - a scroll of recharging
 l - 6 scrolls of identify
 m - a scroll of blinking {unknown}
 n - 2 scrolls of enchant weapon
 u - a scroll of noise
 v - 2 scrolls of teleportation
 F - a scroll of silence {unknown}
 J - 3 scrolls of fog {unknown}
 L - a scroll of enchant armour {unknown}
 M - 3 scrolls of amnesia {unknown}
 O - a scroll of random uselessness {unknown}
Potions
 g - 2 potions of heal wounds
 q - 2 potions of haste {unknown}
 r - 2 potions of degeneration {unknown}
 s - 2 potions of brilliance {unknown}
 t - 3 potions of agility
 z - 2 potions of flight {unknown}
 B - 2 potions of curing
 C - a potion of lignification
 H - 2 potions of might
Miscellaneous
 y - a plain deck of summoning {drawn: 6}
 N - a plain deck of summoning
Comestibles
 p - 8 royal jellies


   Skills:
 + Level 5.2 Fighting
   Level 1.1 Short Blades
 + Level 7.6(7.8) Axes
 + Level 2.5(5.8) Maces & Flails
 + Level 3.6 Slings
 + Level 6.2 Armour
 + Level 3.9 Dodging
 + Level 1.8 Stealth
 + Level 5.5 Shields
 + Level 2.2 Invocations
 + Level 7.2 Evocations


You had 9 spell levels left.
You didn't know any spells.

Dungeon Overview and Level Annotations

Branches:
Dungeon (10/15)
 Temple: D:4           Lair: D:8-11         Orc: D:9-12

Altars:
Ashenzari
Cheibriados
Dithmenos
Elyvilon
Kikubaaqudgha
Nemelex Xobeh
Okawaru
Sif Muna
Wu Jian
Yredelemnul

Shops:
D:5 !


Innate Abilities, Weirdness & Mutations

You resist negative energy. (rN+)


Message History

The two-headed ogre is almost dead.
The two-headed ogre hits you with a giant club.
The two-headed ogre hits you with a giant club!!
You hit the two-headed ogre but do no damage.
The two-headed ogre is almost dead.
You block the two-headed ogre's attack. x2
You hit the two-headed ogre but do no damage.
The two-headed ogre is almost dead.
You block the two-headed ogre's attack.
The two-headed ogre hits you with a giant club!
You barely miss the two-headed ogre.
The two-headed ogre is almost dead.
The two-headed ogre hits you with a giant club!!
* * * LOW HITPOINT WARNING * * *
The two-headed ogre hits you with a giant club!
* * * LOW HITPOINT WARNING * * *
You block the two-headed ogre's attack.
The two-headed ogre hits you with a giant club!!
You die...
Your body glows slightly and disappears.

#.########
#.........
#.........
#..####### #..#
#..# #..# #..#
#@.#
#.O############
#..............
#......%.......
#.##########..#
#.# #.# #.# #.#


You could see a two-headed ogre.

Vanquished Creatures
  A two-headed ogre (D:9)
  The ghost of plsesad the Cruncher, a novice BKFi of Okawaru (D:5)
  Pikel (D:5)
  A black bear (D:6)
  3 ice beasts
  A hornet zombie (D:7)
  An orc warrior (D:6)
  2 ogres (D:7)
  3 centaurs
  2 bullfrogs
  A scorpion (D:5)
  A killer bee (D:7)
  A bullfrog zombie (D:8)
  A centaur zombie (D:6)
  3 hounds
  3 orc priests
  Crazy Yiuf (D:3)
  A bullfrog skeleton (D:5)
  2 jellies
  6 orc wizards
  An iguana (D:4)
  2 worker ants
  A killer bee zombie (D:8)
  2 mummies (Ossuary)
  A howler monkey skeleton (D:6)
  5 adders
  2 shadow imps
  2 oozes
  3 worms
  2 dart slugs
  5 leopard geckos
  17 orcs
  8 bats
  A giant cockroach (D:4)
  A gnoll zombie (Ossuary)
  4 goblins
  7 hobgoblins
  13 jackals
  5 quokkas
  3 ball pythons
  4 frilled lizards
  2 goblin zombies (Ossuary)
  A hobgoblin zombie (Ossuary)
  8 kobolds
  A kobold zombie (Ossuary)
  2 leopard gecko zombies
  10 rats
  A spectral orc (D:8)
  A fungus (D:1)
151 creatures vanquished.

Vanquished Creatures (collateral kills)
  The ghost of pipel the Covered, a novice LOBe of Trog (Ossuary)
  A phantom (D:7)
  An ogre (D:9)
  An elf zombie (Ossuary)
  A crimson imp (D:7)
  A worker ant (D:9)
  A hound zombie (D:9)
  A mummy (Ossuary)
  An adder (D:3)
  A quokka (D:7)
  2 rats (D:3)
12 creatures vanquished.

Vanquished Creatures (others)
  2 orcs
  2 jackals
  A quokka (D:5)
  2 goblin zombies (Ossuary)
  3 hobgoblin zombies (Ossuary)
10 creatures vanquished.

Grand Total: 173 creatures vanquished

Notes
Turn   | Place    | Note
-------+----------+-------------------------------------------
     0 | D:1      | Fisto the Dorf Artificer began the quest for the Orb.
     0 | D:1      | Reached XP level 1. HP: 18/18 MP: 2/2
    47 | D:1      | Reached skill level 1 in Short Blades
   299 | D:1      | Reached XP level 2. HP: 25/25 MP: 4/4
   508 | D:1      | Reached skill level 5 in Evocations
   995 | D:2      | Reached XP level 3. HP: 14/31 MP: 5/5
  1075 | D:2      | Reached skill level 1 in Armour
  1148 | D:2      | Found a sparkling altar of Nemelex Xobeh.
  1156 | D:2      | Became a worshipper of Nemelex Xobeh the Trickster
  1285 | D:2      | Found an ornate altar of the Wu Jian Council.
  1483 | D:3      | Reached skill level 1 in Slings
  1531 | D:3      | Reached XP level 4. HP: 32/38 MP: 6/6
  1587 | D:3      | Reached skill level 1 in Maces & Flails
  1593 | D:3      | Found a runed door.
  1597 | D:3      | Noticed Crazy Yiuf
  1646 | D:3      | Received a gift from Nemelex Xobeh
  1678 | D:3      | Found an iron altar of Okawaru.
  1687 | D:3      | Killed Crazy Yiuf
  1893 | D:3      | Reached XP level 5. HP: 42/45 MP: 7/7
  2537 | D:3      | Reached * piety under Nemelex Xobeh
  2625 | D:3      | Received a gift from Nemelex Xobeh
  2883 | D:4      | Reached skill level 1 in Axes
  2887 | D:4      | Found a shattered altar of Ashenzari.
  2920 | D:4      | Noticed a slave
  2922 | D:4      | Noticed a slave
  2923 | D:4      | Noticed a slave
  2925 | D:4      | Noticed Pikel
  2927 | D:4      | Reached XP level 6. HP: 31/55 MP: 8/8
  2936 | D:5      | Entered Level 5 of the Dungeon
  3255 | D:5      | Noticed an ice beast
  3273 | D:5      | Killed an ice beast
  3273 | D:5      | Reached skill level 1 in Shields
  3478 | D:5      | Found Bial's Distillery.
  3489 | D:5      | Noticed plsesad's ghost (novice BKFi)
  3509 | D:5      | Killed plsesad's ghost
  3509 | D:5      | Reached skill level 1 in Invocations
  3509 | D:5      | Reached XP level 7. HP: 35/62 MP: 8/10
  3610 | D:5      | Reached XP level 8. HP: 61/69 MP: 11/11
  3691 | D:5      | Bought 2 potions of heal wounds for 120 gold pieces
  3691 | D:5      | Bought a potion of curing for 36 gold pieces
  3691 | D:5      | Bought a potion of lignification for 36 gold pieces
  3789 | D:5      | Killed Pikel
  3789 | D:5      | Reached skill level 5 in Armour
  3789 | D:5      | Reached skill level 1 in Stealth
  3936 | D:5      | Noticed Eustachio
  3980 | D:5      | Noticed Eustachio
  3980 | D:5      | Eustachio changed into Eustachio the bullfrog
  3990 | D:5      | Killed Eustachio the bullfrog
  4262 | D:5      | Found a white marble altar of Elyvilon.
  4276 | D:5      | Reached skill level 5 in Axes
  4292 | D:5      | Reached ** piety under Nemelex Xobeh
  4544 | D:5      | Bought 2 potions of might for 96 gold pieces
  4859 | D:6      | Found a shadowy altar of Dithmenos.
  5190 | D:6      | Reached XP level 9. HP: 54/78 MP: 12/12
  5310 | D:6      | Got a smoking ring mail
  5311 | D:6      | Identified the +5 ring mail "Kann" {rElec Str+7} (You found it on level 6 of the Dungeon)
  5336 | D:6      | Received a gift from Nemelex Xobeh
  5889 | D:7      | Reached *** piety under Nemelex Xobeh
  6156 | D:7      | Reached skill level 5 in Shields
  6344 | D:7      | HP: 1/79 [hornet zombie (13)]
  6733 | D:7      | Received a gift from Nemelex Xobeh
  7206 | D:8      | Found an ancient bone altar of Kikubaaqudgha.
  7219 | D:8      | Found a sand-covered staircase.
  7228 | Ossuary  | Entered an ossuary
  7318 | Ossuary  | Noticed pipel's ghost (novice LOBe)
  7367 | Ossuary  | Killed pipel's ghost
  7912 | D:8      | Found a snail-covered altar of Cheibriados.
  7969 | D:8      | Found a deep blue altar of Sif Muna.
  8009 | D:8      | Found a basalt altar of Yredelemnul.
  8334 | D:10     | Entered Level 10 of the Dungeon
  8373 | D:9      | Noticed a two-headed ogre
  8385 | D:9      | Killed a two-headed ogre
  8385 | D:9      | Reached skill level 5 in Fighting
  8385 | D:9      | Reached XP level 10. HP: 88/88 MP: 14/14
  8596 | D:9      | Noticed a two-headed ogre
  8615 | D:9      | HP: 3/88 [two-headed ogre/giant club (17)]
  8618 | D:9      | Demolished by a two-headed ogre

Skill      XL: |  1  2  3  4  5  6  7  8  9 |
---------------+----------------------------+-----
Short Blades   | 1 |  1.1
Evocations     | 5 7 |  7.2
Dodging        | 2 3 |  3.9
Armour         | 1 2 4 5 6 |  6.2
Slings         | 1 2 3 |  3.6
Maces & Flails | 1 2 |  2.5
Fighting       | 2 3 4 5 |  5.2
Axes           | 1 3 5 7 |  7.6
Shields        | 2 4 5 |  5.5
Invocations    | 1 2 |  2.2
Stealth        | 1 |  1.8

Action                   |  1- 3 |  4- 6 |  7- 9 | 10-12 || total
-------------------------+-------+-------+-------+-------++-------
Melee: Short sword       |    46 |       |       |       ||    46
       Whip              |    75 |    40 |    35 |       ||   150
       War axe           |       |    74 |   236 |     7 ||   317
 Fire: Hunting sling     |    39 |    32 |    27 |       ||    98
Evoke: Wand              |    14 |    16 |    43 |     2 ||    75
       Deck              |       |    10 |     7 |     1 ||    18
  Use: Potion            |     1 |     3 |     3 |       ||     7
       Scroll            |       |     8 |     6 |       ||    14
 Stab: Sleeping          |       |     1 |     1 |       ||     2
       Distracted        |       |       |     2 |       ||     2
  Eat: Chunk             |     1 |     4 |     1 |     1 ||     7
       Fruit             |       |     1 |       |       ||     1
       Bread ration      |       |       |     2 |       ||     2
       Meat ration       |       |       |     1 |       ||     1
Armor: Leather armour    |    13 |       |    44 |       ||    57
       Scale mail        |    48 |    36 |       |       ||    84
       Skin              |       |    12 |       |       ||    12
       Chain mail        |       |    59 |   107 |       ||   166
Dodge: Dodged            |   108 |    92 |   114 |     1 ||   315
Block: Shield            |       |    29 |   197 |     4 ||   230
